 Dungeon Crawl Stone Soup version 0.29-a0-341-g24ffce5b50 (webtiles) character file.

Game seed: 8280184593780387303

2089 bande the Chopper (level 9, 0/55 HPs)
             Began as a Gargoyle Fighter on Apr 20, 2022.
             Hit by a large rock thrown by a cyclops (18 damage)
             ... on level 7 of the Dungeon.
             The game lasted 00:10:45 (9690 turns).

bande the Chopper (Gargoyle Fighter)                Turns: 9690, Time: 00:10:46

Health: 0/55       AC: 20    Str: 19    XL:     9   Next: 27%
Magic:  9/9        EV:  6    Int: 16    God:
Gold:   582        SH: 14    Dex: 13    Spells: 8/8 levels left

rFire   . . .      SeeInvis .   a - +0 war axe
rCold   . . .      Faith    .   f - +0 tower shield
rNeg    + . .      Spirit   .   b - +0 scale mail
rPois   ∞          Reflect  .   m - +0 helmet
rElec   +          Harm     .   u - +0 cloak
rCorr   .          Rampage  .   (no gloves)
Will    .....                   o - +2 pair of boots
Stlth   ..........              (no amulet)
HPRegen 0.18/turn               D - +6 ring of intelligence
MPRegen 0.11/turn               (no ring)

@: no status effects
A: sickness immunity, AC +6, negative energy resistance 1, electricity
resistance, torment resistance 1, petrification resistance
a: no special abilities


You were on level 7 of the Dungeon.
You visited 1 branch of the dungeon, and saw 7 of its levels.

You collected 582 gold pieces.

Inventory:

Hand Weapons
 a - a +0 war axe (weapon)
 p - a +0 war axe
 E - a +0 morningstar
Missiles
 w - 2 throwing nets (quivered)
Armour
 b - a +0 scale mail (worn)
 f - a +0 tower shield (worn)
 m - a +0 helmet (worn)
 o - a +2 pair of boots (worn)
 u - a +0 cloak (worn)
Jewellery
 y - an amulet of magic regeneration
 D - a +6 ring of intelligence (left hand)
Wands
 c - a wand of charming (13)
 A - a wand of polymorph (10)
Scrolls
 g - 3 scrolls of teleportation
 i - 2 scrolls of identify
 n - a scroll of amnesia
 r - 2 scrolls of fear
 C - a scroll of brand weapon {unknown}
Potions
 d - 2 potions of might
 e - a potion of flight {unknown}
 h - a potion of experience {unknown}
 j - a potion of invisibility {unknown}
 k - 2 potions of berserk rage
 l - 2 potions of curing {unknown}
 q - a potion of haste {unknown}
 s - a potion of heal wounds {unknown}
 t - 2 potions of mutation {unknown}
 v - 4 potions of brilliance
 z - 2 potions of attraction {unknown}
 B - 2 potions of degeneration {unknown}


   Skills:
 + Level 6.0 Fighting
 + Level 7.6 Axes
 + Level 6.8 Armour
 - Level 0.2 Stealth
 + Level 6.1 Shields
 * Level 1.3 Evocations


You had 8 spell levels left.
You didn't know any spells.
Your spell library contained the following spells:

 Spells                   Type           Power      Damage    Failure   Level
 Freeze                   Ice            0%         1d3       100%        1
 Frozen Ramparts          Ice            0%         1d2       100%        3
 Hailstorm                Conj/Ice       0%         3d3       100%        4
 Summon Ice Beast         Ice/Summ       0%         N/A       100%        4
 Borgnjor's Vile Clutch   Necr/Erth      0%         N/A       100%        5
 Polar Vortex             Ice            0%         N/A       100%        9


Dungeon Overview and Level Annotations

Branches:
Dungeon (7/15)             Temple (0/1) D:4

Altars:
Gozag
Makhleb
Nemelex Xobeh
Trog
Uskayaw
Yredelemnul

Shops:
D:6 *


Innate Abilities, Weirdness & Mutations

You are immune to sickness and miasma.
Your stone body is resilient. (AC +6)
You are immune to poison.
You resist negative energy. (rN+)
You are resistant to electric shocks. (rElec)
You are resistant to unholy torment.
You are immune to petrification.


Message History

You block the ice beast's attack. x2
You barely miss the ice beast.
The ice beast is lightly wounded.
You block the ice beast's attack.
The ice beast hits you but does no damage.
You barely miss the ice beast.
The ice beast is lightly wounded.
The ice beast closely misses you.
You slash the ice beast!
The ice beast is severely wounded.
The ice beast hits you but does no damage.
The ice beast hits you. The ice beast freezes you!
You hit the ice beast but do no damage.
The ice beast is severely wounded.
The ice beast hits you but does no damage.
You barely miss the ice beast.
The ice beast is severely wounded.
You block the ice beast's attack. The ice beast hits you.
The ice beast freezes you!
You closely miss the ice beast.
The ice beast is severely wounded.
You block the ice beast's attack.
You slash the ice beast!
The ice beast is almost dead.
You block the ice beast's attack.
The ice beast hits you but does no damage.
You hit the ice beast.
You kill the ice beast!
No target in view!
No target in view!
No target in view!
No target in view!
No target in view!
You hear the faint creaking of a portcullis nearby.
A cyclops comes into view.
A cyclops is nearby!
The cyclops shouts!
You hear an angry growl.
The cyclops throws a large rock.
The large rock hits you!!
The cyclops throws a large rock.
The large rock hits you!!
You die...

≈# .≈# #### ..≈
..##...### #C# #
..#....#.####..#≈#
...............≈#
#!.##.........≈≈
#...#...@.#
##.........#
#........###
.#.......## ##. #
........###....
#.#####....?..#
#....###.....##
#...#<.......#
#.))........#


You could see a cyclops.

Vanquished Creatures
  3 ice beasts
  2 sky beasts (D:6)
  2 black bears
  2 ogres
  A centaur (D:5)
  A kobold brigand (D:6)
  A scorpion (D:5)
  A gnoll sergeant (D:6)
  The ghost of Antichthon the Grasshopper, a weakling NaWr (D:3)
  3 howler monkeys
  A hound (D:6)
  3 jellies
  Crazy Yiuf (D:2)
  A gnoll shaman (D:5)
  2 orc priests (D:6)
  Jessica (D:2)
  An iguana (D:4)
  4 orc wizards
  A mummy (D:6)
  Robin (D:2)
  17 gnolls
  11 adders
  A shadow imp (D:6)
  A white imp (D:5)
  A worm (D:4)
  A dart slug (D:2)
  24 orcs
  4 bats
  11 endoplasms
  8 giant cockroaches
  19 goblins
  10 hobgoblins
  5 quokkas
  4 ball pythons
  5 frilled lizards
  8 kobolds
  15 rats
178 creatures vanquished.

Vanquished Creatures (others)
  35 plants (D:3)
35 creatures vanquished.

Grand Total: 213 creatures vanquished

Notes
Turn   | Place    | Note
-------+----------+-------------------------------------------
     0 | D:1      | bande the Gargoyle Fighter began the quest for the Orb.
     0 | D:1      | Reached XP level 1. HP: 14/14 MP: 1/1
    56 | D:1      | Reached XP level 2. HP: 12/19 MP: 2/2
   216 | D:1      | Found a faded altar of an unknown god.
   431 | D:1      | Reached skill level 2 in Axes
   591 | D:1      | Reached XP level 3. HP: 23/24 MP: 3/3
   639 | D:1      | Got the Catalogue of the Doomed Snowflakes
  1495 | D:2      | Noticed Robin
  1503 | D:2      | Killed Robin
  1504 | D:2      | Reached XP level 4. HP: 29/29 MP: 4/4
  1999 | D:2      | Reached skill level 3 in Axes
  2098 | D:2      | Reached XP level 5. HP: 8/33 MP: 5/5
  2437 | D:2      | Noticed Jessica
  2445 | D:2      | Killed Jessica
  2543 | D:2      | Found a runed translucent door.
  2544 | D:2      | Noticed Crazy Yiuf
  2745 | D:2      | Killed Crazy Yiuf
  3121 | D:3      | Reached skill level 4 in Axes
  3589 | D:3      | Found a basalt altar of Yredelemnul.
  3607 | D:3      | Reached XP level 6. HP: 39/39 MP: 6/6
  3848 | D:3      | Found a runed translucent gate.
  3848 | D:3      | Found a runed translucent gate.
  3848 | D:3      | Found a runed translucent gate.
  3851 | D:3      | Found an opulent altar of Gozag.
  3853 | D:3      | Noticed an ice beast
  3853 | D:3      | Noticed Antichthon's ghost (weakling NaWr)
  4189 | D:3      | Killed an ice beast
  4362 | D:3      | Killed Antichthon's ghost
  4537 | D:4      | Reached skill level 5 in Axes
  4537 | D:4      | Reached XP level 7. HP: 39/44 MP: 7/7
  4621 | D:4      | Found a staircase to the Ecumenical Temple.
  6276 | D:5      | Entered Level 5 of the Dungeon
  6286 | D:5      | Reached skill level 5 in Fighting
  6317 | D:5      | Reached skill level 5 in Armour
  6479 | D:5      | Reached XP level 8. HP: 43/49 MP: 8/8
  6519 | D:5      | Found a sparkling altar of Nemelex Xobeh.
  6554 | D:5      | Reached skill level 6 in Axes
  6735 | D:5      | Found a hide-covered altar of Uskayaw.
  7527 | D:5      | Found a burning altar of Makhleb.
  7737 | D:6      | Reached skill level 5 in Shields
  8210 | D:6      | Found Cekkoat's General Store.
  8422 | D:6      | Reached skill level 7 in Axes
  8722 | D:6      | Found a bloodstained altar of Trog.
  8783 | D:6      | Reached XP level 9. HP: 51/55 MP: 9/9
  9204 | D:6      | Reached skill level 1 in Evocations
  9687 | D:7      | Noticed a cyclops
  9690 | D:7      | Hit by a large rock thrown by a cyclops

Illustrated notes

Levels and vault maps discovered:
D:1:      lemuel_arrival_tunnels, layout_basic,
          dreamdust_ecumenical_altar_grove, dk_noncrumbling_2,
          minmay_rat_gold_closets
D:2:      layout_basic, dreamdust_wishing_well, minmay_misc_feat_more_columns,
          uniq_robin, uniq_crazy_yiuf_cottage, uniq_jessica
D:3:      layout_loops_ring, yredelemnul_altar_generic, ebering_ghost_gozag,
          kennysheep_boxes
D:4:      layout_loops_corners, minmay_temple_entry_from_below_a,
          serial_park_tiny_2
D:5:      layout_loops_corners, mainiacjoe_overflow_alcove_1,
          mainiacjoe_overflow_concentric_impassable,
          mainiacjoe_overflow_chevrons, gup_sewer_entry_glass,
          kennysheep_small_circle
D:6:      layout_basic, lemuel_round_altar, gup_ossuary_entry_pyramid,
          serial_shops, nicolae_shop_stone
D:7:      layout_cave_pools, mainiacjoe_overflow_alcove_2, marbit_many_paths,
          enter_bailey_4, minmay_manual_mullet

Skill      XL: |  1  2  3  4  5  6  7  8  9 |
---------------+----------------------------+-----
Axes           | 2 3 4 5 7 |  7.6
Fighting       | 4 5 6 |  6.0
Armour         | 4 5 6 |  6.8
Shields        | 4 5 6 |  6.1
Evocations     | 1 |  1.3
Stealth        | |  0.2

Action                   |  1- 3 |  4- 6 |  7- 9 || total
-------------------------+-------+-------+-------++-------
Melee: War axe           |   115 |   220 |   345 ||   680
  Use: Scroll            |       |       |     8 ||     8
Armor: Scale mail        |    60 |   140 |   250 ||   450
Dodge: Dodged            |    41 |   104 |   105 ||   250
Block: Buckler           |    25 |    55 |    45 ||   125
       Tower shield      |       |       |   143 ||   143

Table legend: (Time is in decaauts)
 A = Elapsed time spent in this place.
 B = Non-inter-level travel time spent in this place.
 C = Inter-level travel time spent in this place.
 D = Time resting spent in this place.
 E = Time spent auto-exploring this place.
 F = Levels seen in this place.
 G = Mean time per level.
                   A        B        C        D        E       F      G
               +--------+--------+--------+--------+--------+-----+--------+
         Total |   9963 |   9682 |    281 |   1839 |   6064 |   7 | 1423.3 |
       Dungeon |   9963 |   9682 |    281 |   1839 |   6064 |   7 | 1423.3 |
               +--------+--------+--------+--------+--------+-----+--------+

Top non-repeatable levels by time:
     D:6: 1954 daAuts
     D:3: 1762 daAuts
     D:2: 1680 daAuts
     D:4: 1512 daAuts
     D:5: 1486 daAuts
     D:1: 1470 daAuts
     D:7: 97 daAuts
